 Dungeon Crawl Stone Soup version 0.18-a0-1730-g73f0523 (webtiles) character file.

2079 Chiseanne the Ruffian (level 9, -8/88 HPs)
             Began as a Troll Monk on Apr 10, 2016.
             Was a Priest of Okawaru.
             Mangled by an orc warrior
             ... wielding a +0 glaive
              (21 damage)
             ... on level 6 of the Dungeon.
             The game lasted 00:16:58 (5653 turns).

Chiseanne the Ruffian (Troll Monk)                  Turns: 5653, Time: 00:16:59

Health: -8/88      AC: 10    Str: 21    XL:     9   Next: 6%
Magic:  6/8        EV: 16    Int:  6    God:    Okawaru [***...]
Gold:   59         SH:  0    Dex: 15    Spells: 0 memorised, 8 levels left

rFire  . . .     SeeInvis .       - Unarmed
rCold  + . .     Gourm    +     a - +0 robe
rNeg   . . .     Faith    +     (no shield)
rPois  .         Spirit   .     (helmet restricted)
rElec  .         Dismiss  .     p - +0 cloak
rCorr  .         Reflect  .     (gloves unavailable)
SustAt .         Harm     .     (boots unavailable)
MR     .....                    J - amulet of faith
Stlth  +.........               s - ring of protection from cold
                                h - +2 ring of protection

@: heroism, glowing, not resistant to hostile enchantments, very unstealthy
A: unfitting armour, claws 3, hooves 1, thin metallic scales 1, fast metabolism
3, gourmand, regeneration 2, shaggy fur 1, tough skin 2
a: Heroism, Renounce Religion


You were on level 6 of the Dungeon.
You worshipped Okawaru.
Okawaru was most pleased with you.
You were completely stuffed.

You visited 1 branch of the dungeon, and saw 6 of its levels.

You collected 241 gold pieces.
You spent 182 gold pieces at shops.

Inventory:

Hand Weapons
 k - a +2 quarterstaff of chaos
 K - the +2 mace of Perversion {crush, rF+ rC+}
   (You found it on level 6 of the Dungeon)

   It inflicts extra damage upon your enemies.
   It protects you from fire.
   It protects you from cold.
 O - a +2 war axe of freezing
Missiles
 f - 8 tomahawks of returning (quivered)
 g - 10 tomahawks
 m - 76 bolts
 t - 46 arrows
 x - 9 sling bullets
 A - 13 poisoned needles
 B - 3 throwing nets {!*}
 L - 5 javelins
Armour
 a - a +0 robe (worn)
 p - a +0 cloak (worn)
 H - a +0 large shield
Jewellery
 h - a +2 ring of protection (left claw)
 s - a ring of protection from cold (right claw)
 J - an amulet of faith (around neck)
Wands
 z - a wand of lightning (15/15)
 D - a wand of flame (29/48)
 N - a wand of iceblast (4/15)
Scrolls
 d - 2 scrolls of amnesia
 r - a scroll of enchant weapon
 u - a scroll of magic mapping
 v - 5 scrolls of remove curse
 C - 2 scrolls of fog
Potions
 c - 2 potions of brilliance
 e - 7 potions of curing
 i - 3 potions of might
 n - 2 potions of haste {unknown}
 q - 2 potions of agility {unknown}
 w - a potion of invisibility {unknown}
 F - a potion of lignification
 G - a potion of cancellation
 M - 2 potions of heal wounds {unknown}
Books
 o - a book of Alchemy

   Spells                             Type                      Level
   a - Sublimation of Blood           Necromancy                   2
   b - Ignite Poison                  Fire/Transmutation/Poison    3
   c - Petrify                        Transmutation/Earth          4
   d - Alistair's Intoxication        Transmutation/Poison         5
   e - Irradiate                      Conjuration/Transmutation    5
 y - a Necronomicon

   Spells                             Type                      Level
   a - Haunt                          Necromancy/Summoning         7
   b - Borgnjor's Revivification      Necromancy                   8
   c - Death's Door                   Charms/Necromancy            8
   d - Necromutation                  Transmutation/Necromancy     8
Comestibles
 b - 9 bread rations
 j - 4 meat rations
 l - 4 chunks of flesh
 E - a slice of pizza
 I - a beef jerky


   Skills:
 * Level 5.4(10.4) Fighting
 - Level 5.0(10.0) Throwing
 * Level 5.4(10.4) Dodging
 - Level 1.1(6.1) Stealth
 * Level 7.4(12.4) Unarmed Combat
 * Level 0.5 Invocations


You had 8 spell levels left.
You didn't know any spells.

Dungeon Overview and Level Annotations

Branches:
Dungeon (6/15)             Temple (0/1) D:6

Altars:
Gozag
Makhleb
Okawaru
Pakellas
Yredelemnul
Zin

Shops:
D:5 !   D:6 *


Innate Abilities, Weirdness & Mutations

You are too large for most types of armour.
You have claws for hands.
Your metabolism is lightning-fast.
You like to eat raw meat.
You heal very quickly.
You are covered in fur (AC +1).
You have very tough skin (AC +2).
You have large cloven feet.
You are partially covered in thin metallic scales (AC +2).


Message History

You kick the orc warrior, but do no damage.
The orc warrior is moderately wounded.
The orc warrior hits you with a glaive!!
* * * LOW HITPOINT WARNING * * *
You claw the orc warrior! Your kick misses the orc warrior.
The orc warrior is severely wounded.
The orc warrior misses you.
You completely miss the orc warrior.
You kick the orc warrior, but do no damage.
Your claw misses the orc warrior.
The orc warrior is severely wounded.
The angel launches into a righteous speech about avoiding mutations.
You gain the combat prowess of a mighty hero.
You feel slightly less full. The orc warrior hits you with a glaive!
* * * LOW HITPOINT WARNING * * *
The angel recites the Axioms of Law.
You scratch the orc warrior but do no damage.
The orc warrior is severely wounded.
The orc warrior hits you with a glaive!!
You die...

.........#.#
#####
.........#.#
#....
#######.##.#
#.###
#...##.######.#
##.#.##.......[#
#...############
#...### ###'#..#
#o@...##
#A#_).._#2#
###.....###
###+.#.# .### .#
##


You could see an angel, a balrug and an orc warrior.

Vanquished Creatures
  Menkaure (D:4)
  A sky beast (D:6)
  2 ogres
  A phantom (D:3)
  A giant frog (D:6)
  A gnoll sergeant (D:5)
  A scorpion (D:4)
  A water moccasin skeleton (D:6)
  5 wights (D:3)
  A crimson imp (D:5)
  A giant frog zombie (D:5)
  3 hounds
  4 orc priests
  Crazy Yiuf (D:2)
  An iguana (D:4)
  3 gnoll shamans (D:5)
  2 worker ants (D:4)
  Natasha (D:4)
  48 gnolls (D:5)
  10 adders
  An ooze (D:2)
  2 adder zombies (D:5)
  3 worms
  7 giant geckos
  5 orcs
  4 giant cockroaches
  3 goblins
  6 hobgoblins
  23 jackals
  5 kobolds
  2 ball pythons
  5 bats
  11 giant newts
  A quokka zombie (D:5)
  3 rats
  A plant (D:5)
171 creatures vanquished.

Notes
Turn   | Place    | Note
--------------------------------------------------------------
     0 | D:1      | Chiseanne the Troll Monk began the quest for the Orb.
     0 | D:1      | Reached XP level 1. HP: 22/22 MP: 0/0
   253 | D:1      | Reached XP level 2. HP: 29/29 MP: 1/1
  1013 | D:2      | Reached XP level 3. HP: 36/36 MP: 2/2
  1431 | D:2      | Gained mutation: You have large cloven feet. [potion of beneficial mutation]
  1432 | D:2      | Gained mutation: You are partially covered in thin metallic scales (AC +2). [potion of beneficial mutation]
  1472 | D:2      | Noticed Crazy Yiuf
  1476 | D:2      | Killed Crazy Yiuf
  1476 | D:2      | Reached XP level 4. HP: 45/45 MP: 3/3
  1620 | D:3      | Reached skill level 1 in Throwing
  2105 | D:3      | Reached XP level 5. HP: 32/53 MP: 4/4
  2126 | D:3      | Reached skill level 5 in Unarmed Combat
  2142 | D:3      | HP: 2/53 [wight/short sword (5)]
  2155 | D:3      | Reached XP level 6. HP: 10/61 MP: 5/5
  2908 | D:4      | Noticed Natasha
  2920 | D:4      | Killed Natasha
  2920 | D:4      | Reached XP level 7. HP: 20/68 MP: 6/6
  3016 | D:4      | Found an oddly glowing altar of Pakellas.
  3211 | D:4      | Found an iron altar of Okawaru.
  3215 | D:4      | Became a worshipper of Warmaster Okawaru
  3215 | D:4      | Reached * piety under Okawaru
  3215 | D:4      | Reached ** piety under Okawaru
  3358 | D:4      | Noticed Menkaure
  3367 | D:4      | Killed Menkaure
  3635 | D:5      | Entered Level 5 of the Dungeon
  3699 | D:5      | Reached skill level 6 in Unarmed Combat
  3798 | D:5      | Reached XP level 8. HP: 46/79 MP: 7/7
  4053 | D:5      | Reached *** piety under Okawaru
  4229 | D:5      | Reached skill level 5 in Dodging
  4275 | D:5      | Reached skill level 5 in Fighting
  4576 | D:5      | Reached skill level 7 in Unarmed Combat
  4866 | D:5      | Found Goomi's Distillery.
  4871 | D:5      | Bought a potion of lignification for 39 gold pieces
  4871 | D:5      | Bought a potion of cancellation for 104 gold pieces
  4871 | D:5      | Bought a potion of curing for 39 gold pieces
  5219 | D:6      | Found Zeforanai's General Store.
  5309 | D:6      | Got an encrusted mace
  5310 | D:6      | Identified the +2 mace of Perversion {crush, rF+ rC+} (You found it on level 6 of the Dungeon)
  5384 | D:6      | Found a basalt altar of Yredelemnul.
  5385 | D:6      | Found an opulent altar of Gozag.
  5495 | D:6      | Found a staircase to the Ecumenical Temple.
  5519 | D:6      | Reached skill level 5 in Throwing
  5542 | D:6      | Reached XP level 9. HP: 60/88 MP: 8/8
  5631 | D:6      | Found a burning altar of Makhleb.
  5638 | D:6      | Found a glowing silver altar of Zin.
  5639 | D:6      | Noticed an angel
  5639 | D:6      | Noticed a balrug
  5653 | D:6      | Mangled by an orc warrior

Vault maps used:
D:1:      dpeg_arrival_central, serial_aquarium, aquarium_bridge_square,
          aquarium_window_fake, aquarium_window_1, aquarium_window_corner,
          aquarium_window_double, aquarium_view_2d, aquarium_balcony_5b
D:2:      first_bread, nrook_loot_triangle, uniq_crazy_yiuf_cottage
D:3:      corexii_item_surrounded_by_moat
D:4:      marbit_many_paths, grunt_pakellas_salt, uniq_natasha, uniq_menkaure
D:5:      lemuel_castle_with_subvaults, serial_shops, shop
D:6:      grunt_temple_overflow_order_and_chaos_2,
          nicolae_overflow_hidden_temple, temple_hall, serial_shops, shop

Skill      XL: |  1  2  3  4  5  6  7  8 |
---------------+-------------------------+-----
Fighting       | 3 4 5 |  5.4
Throwing       | 1 2 3 5 |  5.0
Dodging        | 3 4 5 |  5.4
Unarmed Combat | 5 6 7 |  7.4
Stealth        | |  1.1
Invocations    | |  0.5

Action                   |  1- 3 |  4- 6 |  7- 9 || total
-------------------------+-------+-------+-------++-------
Melee: Unarmed           |    77 |   108 |   320 ||   505
Throw: Tomahawk          |       |       |    11 ||    11
Invok: Heroism           |       |       |     1 ||     1
  Use: Scroll            |     7 |     2 |     5 ||    14
       Potion            |     2 |       |       ||     2
 Stab: Sleeping          |     1 |     1 |       ||     2
       Distracted        |     1 |       |     1 ||     2
  Eat: Chunk             |    19 |    13 |    25 ||    57
